 Dungeon Crawl Stone Soup version 0.26-a0-672-g1df16c3386 (webtiles) character file.

Game seed: 8963348704313480092

198045 jesuscristo the Gelid (level 18, -18/174 HPs)
             Began as an Ogre Hunter on Oct 18, 2020.
             Was the Champion of Vehumet.
             Hit by a large rock thrown by a stone giant (37 damage)
             ... on level 1 of the Depths on Oct 19, 2020.
             The game lasted 02:08:15 (46359 turns).

jesuscristo the Gelid (Ogre Hunter)                Turns: 46359, Time: 02:08:16

Health: -18/174    AC: 15    Str: 21    XL:     18   Next: 43%
Magic:  8/37       EV: 11    Int: 18    God:    Vehumet [******]
Gold:   492        SH: 23    Dex:  9    Spells: 12/47 levels left

rFire    . . .     SeeInvis .   b - +7 eveningstar (vorpal)
rCold    . . .     Faith    .   t - +0 tower shield
rNeg     . . .     Spirit   .   W - +0 steam dragon scales
rPois    +         Reflect  +   f - +2 hat
rElec    .         Harm     .   r - +2 cloak {rPois}
rCorr    .         Rampage  .   (gloves unavailable)
MR       ++...                  (boots unavailable)
Stlth    +.........             C - amulet of reflection
HPRegen  0.39/turn              Q - +4 ring of protection
MPRegen  0.25/turn              o - ring of protection from magic

@: no potions
A: large, unfitting armour, tough skin 1
}: 1/15 runes: barnacled
a: Renounce Religion


You were on level 1 of the Depths.
You worshipped Vehumet.
Vehumet was exalted by your worship.
You visited 6 branches of the dungeon, and saw 29 of its levels.

You collected 2524 gold pieces.
You spent 2032 gold pieces at shops.

Inventory:

Hand Weapons
 a - a +1 eveningstar of venom
 b - a +7 vorpal eveningstar (weapon)
Missiles
 c - 10 curare-tipped darts
 v - 131 poisoned darts
 F - 48 large rocks (quivered)
 I - 93 boomerangs
 L - 10 throwing nets
 V - 21 silver javelins
Armour
 f - a +2 hat (worn)
 r - a +2 cloak of poison resistance (worn)
 t - a +0 tower shield (worn)
 y - a scarf of invisibility
 W - +0 steam dragon scales (worn)
Jewellery
 g - an uncursed ring of ice
 n - an uncursed amulet of magic regeneration
 o - a ring of protection from magic (right hand)
 C - an amulet of reflection (around neck)
 M - an uncursed ring of magical power
 P - an uncursed ring of resist corrosion
 Q - a +4 ring of protection (left hand)
Wands
 j - a wand of digging (5)
 k - a wand of disintegration (13)
 O - a wand of paralysis (15)
Scrolls
 d - 3 scrolls of identify
 m - a scroll of blinking
 p - 10 scrolls of magic mapping
 x - 9 scrolls of teleportation
 E - 3 scrolls of summoning
 G - 4 scrolls of fog
 H - 9 scrolls of remove curse
 J - 2 scrolls of fear
Potions
 e - a potion of invisibility
 l - 2 potions of cancellation
 q - 3 potions of haste
 s - a potion of magic
 u - 5 potions of brilliance
 z - 7 potions of heal wounds
 B - 13 potions of curing
 D - 6 potions of flight
Miscellaneous
 w - a box of beasts (3/3)
 N - a phantom mirror (inert)
 R - a lightning rod (4/4)


   Skills:
 - Level 10.0 Fighting
 - Level 9.4 Maces & Flails
   Level 0.2(6.4) Staves
 - Level 8.0 Throwing
 - Level 6.0 Dodging
 - Level 0.6 Stealth
 * Level 12.2 Shields
 - Level 15.0 Spellcasting
 - Level 6.0 Conjurations
 - Level 6.0 Necromancy
 - Level 15.0 Ice Magic
 - Level 10.0 Air Magic
 - Level 3.0 Evocations


You had 12 spell levels left.
You knew the following spells:

 Your Spells              Type           Power        Failure   Level
a - Freezing Cloud        Conj/Ice/Air   ######....   5%          6
b - Frozen Ramparts       Ice            ######       1%          3
c - Ozocubu's Armour      Ice            ######..     1%          3
d - Tornado               Air            #####.....   100%        9
e - Ozocubu's Refrigerat  Ice            ######....   1%          6
f - Sublimation of Blood  Necr           #####.....   1%          2
g - Airstrike             Air            #####.....   1%          4
h - Swiftness             Air            #####...     1%          2

Your spell library contained the following spells:

 Spells                   Type           Power        Failure   Level
 Lehudib's Crystal Spear  Conj/Erth      ###.......   100%        8
 Freeze                   Ice            ####         0%          1
 Animate Skeleton         Necr           #####.       1%          1
 Magic Dart               Conj           ####         1%          1
 Shock                    Conj/Air       ####         1%          1
 Corpse Rot               Necr/Air       N/A          1%          2
 Poisonous Vapours        Pois/Air       ####..       1%          2
 Mephitic Cloud           Conj/Pois/Air  ####....     1%          3
 Static Discharge         Conj/Air       #####...     1%          3
 Hailstorm                Conj/Ice       ######..     1%          4
 Conjure Flame            Conj/Fire      ###.....     2%          3
 Lightning Bolt           Conj/Air       #####.....   2%          5
 Ice Form                 Ice/Tmut       #####...     3%          4
 Summon Ice Beast         Ice/Summ       #####...     3%          4
 Ignite Poison            Fire/Tmut/Pois ##......     7%          3
 Dispel Undead            Necr           #####...     7%          4
 Apportation              Tloc           ##....       9%          1
 Beastly Appendage        Tmut           ##....       9%          1
 Corona                   Hex            ##.....      9%          1
 Sting                    Tmut/Pois      ##..         9%          1
 Summon Small Mammal      Summ           ##..         9%          1
 Metabolic Englaciation   Hex/Ice        #####.....   11%         5
 Blink                    Tloc           N/A          13%         2
 Call Imp                 Summ           ##......     13%         2
 Slow                     Hex            ##......     13%         2
 Fireball                 Conj/Fire      ###.......   17%         5
 Simulacrum               Ice/Necr       ######....   17%         6
 Agony                    Necr           #####...     21%         5
 Excruciating Wounds      Necr           #####.....   21%         5
 Confusing Touch          Hex            ##......     26%         3
 Gell's Gravitas          Tloc           ##........   26%         3
 Silence                  Hex/Air        ####......   30%         5
 Yara's Violent Unravell  Hex/Tmut       ##........   50%         5
 Cause Fear               Hex            ##........   63%         4
 Petrify                  Tmut/Erth      ##......     63%         4
 Starburst                Conj/Fire      ###.......   65%         6
 Discord                  Hex            ##........   100%        8
 Ignition                 Fire           ##........   100%        8
 Shatter                  Erth           ##........   100%        9


Dungeon Overview and Level Annotations

Branches:
Dungeon (15/15)            Temple (1/1) D:4            Lair (6/6) D:11
 Shoals (4/4) Lair:4        Snake (0/4) Lair:3        Slime (0/5) Lair:6
    Orc (2/2) D:12            Elf (0/3) Orc:2        Vaults (0/5) D:13
 Depths (1/5) D:15

Altars:
Ashenzari
Cheibriados
Dithmenos
Elyvilon
Fedhas
Gozag
Hepliaklqana
Kikubaaqudgha
Makhleb
Nemelex Xobeh
Okawaru
Qazlal
Ru
Sif Muna
Trog
Uskayaw
Vehumet
Wu Jian
Xom
Yredelemnul
Zin
The Shining One
Beogh
Jiyva

Shops:
D:4 [   Orc:2 :([*   Shoals:3 [(

Portals:
Hell: Depths:1
Abyss: Depths:1

Annotations:
Shoals:1 2 transporters
Shoals:3 2 runed translucent doors, Bityczex's ghost, adept DEFE
Shoals:4 1 runed translucent door, jasper's ghost, adept DsIE
Depths:1 1 runed translucent door, Pooter's ghost, veteran MiHu


Innate Abilities, Weirdness & Mutations

You are too large for most types of armour.
You have tough skin. (AC +1)


Message History

Confirm with . or Enter, or press ? or * to list all spells.
The heat is drained from your surroundings.
You feel very cold.
The fire giant and the stone giant are frozen.
The fire giant is almost dead.
The stone giant is moderately wounded.
The fire giant points at you and mumbles some strange words.
The bolt of fire hits you!!!
* * * LOW HITPOINT WARNING * * *
Unknown command.
Casting: Ozocubu's Refrigeration (mildly dangerous; 1% risk of failure)
Confirm with . or Enter, or press ? or * to list all spells.
The heat is drained from your surroundings.
You feel very cold.
The fire giant and the stone giant are frozen.
You kill the fire giant!
Vehumet accepts your kill.
The stone giant is heavily wounded.
The stone giant throws a large rock.
The large rock hits you!!!
You die...

#.............
#.............
#.............
#............. ####
#............. ##..#
#.....#.......
##...###....###......
##............#....###
##....@............## #
#..................#
#.[...#.#...#.#.....## #
......#.#...#.#......###
.C.). #.##.##.#.........
..... #..#.#..#.......[.
.... #..###..#.........
.... #.. .#......... ##
####......


You could see a stone giant.

Vanquished Creatures
  Saint Roka (Orc:2)
  Polyphemus (Shoals:4)
  Gastronok (Lair:3)
  Agnes (D:15)
  Ilsuiw (Shoals:2)
  Donald (Shoals:4)
  The ghost of jfcaron the Thaumaturge, a journeyman GnWz of Fedhas (Lair:2)
  3 fire giants
  Roxanne (Shoals:4)
  Louise (Shoals:3)
  A balrug (Depths:1)
  2 stone giants (Depths:1)
  4 very ugly things (Depths:1)
  2 vampire knights (Depths:1)
  A dire elephant (Lair:6)
  An ettin (Orc:1)
  5 merfolk javelineers
  Snorg (Lair:5)
  A fire dragon (Depths:1)
  8 merfolk impalers
  The ghost of Mamah the Grappler, a journeyman TrMo of Fedhas (D:11)
  Josephine (Lair:5)
  An ice dragon (Depths:1)
  A yaktaur captain (Depths:1)
  3 boulder beetles
  3 merfolk avatars
  6 hydras
  4 vault guards (D:13)
  A death knight (D:15)
  3 alligator snapping turtles
  9 merfolk aquamancers
  3 centaur warriors
  2 catoblepae
  13 death yaks
  4 satyrs (Shoals:4)
  An ogre mage (D:14)
  11 two-headed ogres
  An orc high priest (Orc:2)
  Urug (Orc:2)
  Nergalle (Lair:3)
  2 sun demons (Depths:1)
  2 slime creatures
  A deep troll (D:11)
  An unseen horror (D:10)
  2 lindwurms (Lair:6)
  2 orc knights (Orc:2)
  12 sea snakes
  An orb spider (shapeshifter) (D:14)
  2 phantasmal warriors (Depths:1)
  13 harpies
  An obsidian statue (D:9)
  Pikel (D:5)
  A deep elf mage (D:15)
  8 ugly things
  19 manticores
  4 orc sorcerers
  4 fauns (Shoals:4)
  8 black mambas
  17 elephants
  6 cyclopes
  6 water nymphs
  6 merfolk sirens
  A centaur zombie (D:13)
  3 centaur skeletons
  4 rime drakes
  17 cane toads
  4 yaktaurs
  The ghost of lunkers the Chopper, a novice OpFi of Uskayaw (D:5)
  14 komodo dragons
  A rime drake (shapeshifter) (D:14)
  A kobold demonologist (D:14)
  A tengu conjurer (D:14)
  5 trolls
  A troll (shapeshifter) (D:15)
  A meliai (shapeshifter) (D:13)
  Grinder (D:5)
  7 wind drakes
  35 merfolk
  5 snapping turtles
  A meliai zombie (D:15)
  A hornet (D:14)
  19 blink frogs
  17 dream sheep
  8 water elementals
  A shadow (D:14)
  9 wraiths
  Sigmund (D:5)
  A basilisk (D:13)
  41 yaks
  A vampire (D:13)
  8 wyverns
  A golden eye (shapeshifter) (D:15)
  A steam dragon (D:10)
  4 vampire mosquitoes (D:14)
  Menkaure (D:6)
  9 wargs
  2 acid dragons
  26 water moccasins
  Duvessa (D:6)
  32 orc warriors
  A black bear (D:6)
  A meliai simulacrum (D:14)
  4 sky beasts
  14 ogres
  6 ice beasts
  A necrophage (D:14)
  2 phantoms
  15 wolves
  22 centaurs
  3 big kobolds
  19 bullfrogs
  3 gnoll sergeants
  4 scorpions
  Dowan (D:6)
  A water moccasin skeleton (D:6)
  6 killer bees
  5 howler monkeys
  2 electric eels (D:12)
  A crimson imp (D:7)
  2 bullfrog zombies
  9 hounds
  A quasit (D:8)
  A bullfrog skeleton (D:13)
  10 jellies
  25 orc priests
  5 hell rats (Lair:4)
  31 orc wizards
  3 iguanas
  10 worker ants
  A killer bee zombie (D:8)
  2 worker ant zombies (D:9)
  A howler monkey zombie (D:11)
  21 gnolls
  27 adders
  2 shadow imps
  3 white imps
  An adder zombie (D:8)
  2 adder skeletons (D:5)
  A worm (D:3)
  3 dart slugs
  6 leopard geckos
  82 orcs
  3 ball pythons
  3 giant cockroaches
  5 goblins
  6 hobgoblins
  8 jackals
  5 quokkas
  4 bats
  4 frilled lizards
  A jackal skeleton (D:6)
  21 kobolds
  A leopard gecko skeleton (D:8)
  12 rats
947 creatures vanquished.

Vanquished Creatures (others)
  A death yak (Shoals:4)
  A manticore (D:12)
  32 fungi
  199 plants
  2 withered plants (Shoals:4)
235 creatures vanquished.

Grand Total: 1182 creatures vanquished

Notes
Turn   | Place    | Note
-------+----------+-------------------------------------------
     0 | D:1      | jesuscristo the Ogre Hunter began the quest for the Orb.
     0 | D:1      | Reached XP level 1. HP: 22/22 MP: 1/1
   398 | D:1      | Reached XP level 2. HP: 31/31 MP: 2/2
  1101 | D:2      | Reached XP level 3. HP: 32/40 MP: 3/3
  1250 | D:2      | Reached skill level 5 in Fighting
  1378 | D:2      | Found an ornate altar of the Wu Jian Council.
  1515 | D:2      | Reached XP level 4. HP: 52/52 MP: 4/4
  2391 | D:3      | Reached XP level 5. HP: 59/59 MP: 5/5
  2795 | D:3      | Found a shadowy altar of Dithmenos.
  2795 | D:3      | Noticed a shadow
  2796 | D:3      | Found a hazy altar of Hepliaklqana.
  3030 | D:3      | Reached skill level 5 in Throwing
  3493 | D:4      | Found Iplorar's Antique Armour Emporium.
  3493 | D:4      | Found a staircase to the Ecumenical Temple.
  3543 | Temple   | Entered the Ecumenical Temple
  3744 | Temple   | Became a worshipper of Vehumet
  3848 | D:4      | Bought an embroidered robe for 92 gold pieces
  4035 | D:4      | Found a bloodstained altar of Trog.
  4158 | D:4      | Reached XP level 6. HP: 61/67 MP: 6/6
  4751 | D:5      | Entered Level 5 of the Dungeon
  4751 | D:5      | Noticed Grinder
  4753 | D:5      | Killed Grinder
  4753 | D:5      | Reached XP level 7. HP: 75/75 MP: 7/7
  4889 | D:5      | Found a runed translucent gate.
  4889 | D:5      | Found a runed translucent gate.
  4889 | D:5      | Found a runed translucent gate.
  4889 | D:5      | Noticed lunkers's ghost (novice OpFi)
  4898 | D:5      | Noticed Sigmund
  5786 | D:5      | Reached skill level 5 in Shields
  5941 | D:5      | Noticed Pikel
  5953 | D:5      | Killed Pikel
  5953 | D:5      | Reached * piety under Vehumet
  5953 | D:5      | Offered knowledge of Foxfire by Vehumet.
  5953 | D:5      | Reached XP level 8. HP: 60/83 MP: 8/8
  6234 | D:5      | Reached skill level 1 in Maces & Flails
  6582 | D:5      | Killed Sigmund
  6838 | D:6      | Reached XP level 9. HP: 39/89 MP: 9/9
  7293 | D:6      | Noticed Menkaure
  7295 | D:6      | Killed Menkaure
  7368 | D:6      | You fall into a shaft and drop 1 floor!
  7447 | D:7      | Found a blossoming altar of Fedhas.
  7609 | D:7      | Offered knowledge of Magic Dart by Vehumet.
  7681 | D:7      | Found a broken altar of Ashenzari.
  7704 | D:7      | Reached ** piety under Vehumet
  8227 | D:7      | Got a brightly glowing robe
  8238 | D:7      | Identified the +1 robe of Gozag's Esteem {rPois MR- rCorr}
                  | (You found it on level 7 of the Dungeon)
  8376 | D:8      | Reached skill level 5 in Maces & Flails
  9533 | D:8      | Reached XP level 10. HP: 105/105 MP: 10/10
 10117 | D:9      | Offered knowledge of Searing Ray by Vehumet.
 10138 | D:9      | Found a shimmering altar of Xom.
 10191 | D:9      | Reached *** piety under Vehumet
 10438 | D:9      | Noticed a two-headed ogre
 10443 | D:9      | Killed a two-headed ogre
 10443 | D:9      | Reached skill level 10 in Fighting
 10608 | D:9      | Noticed an obsidian statue
 10767 | D:10     | Entered Level 10 of the Dungeon
 11480 | D:10     | Killed an unseen horror
 11936 | D:10     | Noticed a seven-headed hydra
 11936 | D:10     | Identified the +3 kite shield of Yppipop {rC+ Dex+3}
 11936 | D:10     | Noticed a spark wasp
 11937 | D:10     | Noticed a centaur warrior
 12070 | D:10     | Noticed a wizard
 12070 | D:10     | Noticed a boulder beetle
 12071 | D:10     | Noticed a deep elf mage
 12071 | D:10     | Noticed a manticore
 12659 | D:10     | Found a shimmering altar of Xom.
 12803 | D:11     | Found a runed translucent gate.
 12804 | D:11     | Found a runed translucent gate.
 12805 | D:11     | Found a runed translucent gate.
 12805 | D:11     | Noticed a deep troll
 12805 | D:11     | Noticed Mamah's ghost (journeyman TrMo)
 12805 | D:11     | Noticed a cyclops
 12933 | D:11     | Offered knowledge of Frozen Ramparts by Vehumet.
 12943 | D:11     | Reached XP level 11. HP: 111/117 MP: 11/11
 12952 | D:11     | Learned a level 3 spell: Frozen Ramparts
 13048 | D:11     | Reached skill level 1 in Spellcasting
 13057 | D:11     | Reached skill level 1 in Ice Magic
 13277 | D:11     | Noticed a manticore
 13297 | D:11     | Killed a manticore
 13452 | D:11     | Noticed a cyan ugly thing
 13471 | D:11     | Killed a cyan ugly thing
 13706 | D:11     | Found a staircase to the Lair.
 13880 | D:11     | Noticed a manticore
 14394 | Lair:1   | Entered Level 1 of the Lair of Beasts
 14583 | Lair:1   | Reached skill level 5 in Spellcasting
 14828 | Lair:1   | Reached **** piety under Vehumet
 15033 | Lair:1   | Noticed a seven-headed hydra
 15055 | Lair:1   | Killed a seven-headed hydra
 15055 | Lair:1   | Reached skill level 5 in Ice Magic
 15900 | Lair:2   | Found a runed translucent gate.
 15900 | Lair:2   | Found a runed translucent gate.
 15900 | Lair:2   | Found a runed translucent gate.
 16217 | Lair:2   | Reached XP level 12. HP: 126/126 MP: 23/23
 16484 | Lair:2   | Offered knowledge of Bolt of Magma by Vehumet.
 17291 | Lair:2   | Noticed jfcaron's ghost (journeyman GnWz)
 17500 | Lair:2   | Found a viscous altar of Jiyva.
 18056 | Lair:3   | Learned a level 3 spell: Ozocubu's Armour
 18237 | Lair:3   | Reached skill level 10 in Spellcasting
 18245 | Lair:3   | Learned a level 6 spell: Freezing Cloud
 18334 | Lair:3   | Found a staircase to the Snake Pit.
 18466 | Lair:3   | Noticed Gastronok
 18490 | Lair:3   | Killed Gastronok
 18610 | Lair:3   | Noticed Nergalle
 18642 | Lair:3   | Killed Nergalle
 18642 | Lair:3   | Reached XP level 13. HP: 133/133 MP: 27/27
 18741 | Lair:3   | Found a transporter.
 18761 | Lair:3   | Found a transporter.
 19091 | Lair:4   | Found a staircase to the Shoals.
 19095 | Lair:4   | Reached ***** piety under Vehumet
 19095 | Lair:4   | Offered knowledge of Iskenderun's Battlesphere by Vehumet.
 20119 | Lair:4   | Reached skill level 5 in Dodging
 20119 | Lair:4   | Reached skill level 1 in Conjurations
 20119 | Lair:4   | Reached skill level 1 in Air Magic
 21785 | Lair:5   | Noticed Josephine
 21805 | Lair:5   | Killed Josephine
 22100 | Lair:5   | Noticed Snorg
 22126 | Lair:5   | Killed Snorg
 22920 | Lair:6   | Entered Level 6 of the Lair of Beasts
 23018 | Lair:5   | Reached XP level 14. HP: 103/143 MP: 28/28
 23175 | Lair:6   | Reached skill level 10 in Ice Magic
 23527 | Lair:6   | Upgraded the game from 0.26-a0-668-gd58323b419 to
                  | 0.26-a0-672-g1df16c3386
 23552 | Lair:6   | Offered knowledge of Irradiate by Vehumet.
 23972 | Lair:6   | Reached skill level 5 in Conjurations
 23972 | Lair:6   | Reached skill level 5 in Air Magic
 24698 | Lair:6   | Found a viscous altar of Jiyva.
 24698 | Lair:6   | Found a staircase to the Slime Pits.
 25125 | Lair:6   | Noticed a dire elephant
 25134 | Lair:6   | Killed a dire elephant
 25141 | Lair:6   | Found the +3 pair of gauntlets of War {Slay+5}
 25682 | Lair:6   | Learned a level 6 spell: Ozocubu's Refrigeration
 25693 | Lair:6   | Learned a level 9 spell: Tornado
 25969 | Lair:3   | Reached XP level 15. HP: 87/149 MP: 20/29
 26229 | Lair:2   | Killed jfcaron's ghost
 26620 | D:5      | Killed lunkers's ghost
 26779 | D:6      | Found a hide-covered altar of Uskayaw.
 26779 | D:6      | Found a sacrificial altar of Ru.
 26780 | D:6      | Found an iron altar of Okawaru.
 27123 | D:6      | Noticed Dowan
 27125 | D:6      | Noticed Duvessa
 27130 | D:6      | Killed Dowan
 27132 | D:6      | Killed Duvessa
 27668 | D:11     | Reached skill level 10 in Air Magic
 27672 | D:11     | Killed Mamah's ghost
 28226 | D:12     | Offered knowledge of Orb of Destruction by Vehumet.
 28910 | D:12     | Found a staircase to the Orcish Mines.
 29440 | Orc:1    | Entered Level 1 of the Orcish Mines
 30347 | Orc:2    | Entered Level 2 of the Orcish Mines
 30378 | Orc:2    | Found a staircase to the Elven Halls.
 30381 | Orc:2    | Offered knowledge of Lee's Rapid Deconstruction by Vehumet.
 30479 | Orc:2    | Noticed Urug
 30485 | Orc:2    | Killed Urug
 30602 | Orc:2    | Noticed Saint Roka
 30611 | Orc:2    | Killed Saint Roka
 30788 | Orc:2    | Found a roughly hewn altar of Beogh.
 30801 | Orc:2    | Found Noyggu's Book Shoppe.
 30856 | Orc:2    | Found Vomec's Antique Armour Shoppe.
 30884 | Orc:2    | Found Osuoff's Antique Weapon Shoppe.
 30901 | Orc:2    | Found Launa's General Store.
 31851 | Orc:2    | Bought a book of Death for 1120 gold pieces
 31854 | Orc:2    | Learned a level 2 spell: Sublimation of Blood
 32879 | D:13     | Offered knowledge of Iron Shot by Vehumet.
 32993 | D:13     | Found a gate to the Vaults.
 33360 | D:13     | Reached XP level 16. HP: 108/158 MP: 14/30
 34302 | D:14     | Offered knowledge of Conjure Ball Lightning by Vehumet.
 34501 | D:15     | Entered Level 15 of the Dungeon
 34968 | D:15     | Found a staircase to the Depths.
 35299 | D:15     | Noticed Agnes
 35304 | D:15     | Killed Agnes
 36141 | Shoals:1 | Entered Level 1 of the Shoals
 36603 | Shoals:1 | Found a transporter.
 37237 | Shoals:1 | Reached skill level 15 in Ice Magic
 37685 | Shoals:1 | Found a transporter.
 37878 | Shoals:1 | Got a scorched turquoise ring
 38211 | Shoals:2 | Reached skill level 1 in Necromancy
 38779 | Shoals:2 | Offered knowledge of Lehudib's Crystal Spear by Vehumet.
 38954 | Shoals:2 | Noticed Ilsuiw
 38963 | Shoals:2 | Killed Ilsuiw
 38963 | Shoals:2 | Reached XP level 17. HP: 105/166 MP: 11/31
 39375 | Shoals:2 | Reached skill level 5 in Necromancy
 39800 | Shoals:2 | Identified the ring of Lucidity {Wiz MR- Dex+5} (You found
                  | it on level 1 of the Shoals)
 40146 | Orc:2    | Bought a box of beasts (3/3) for 260 gold pieces
 40162 | Orc:2    | Bought a book of Air for 560 gold pieces
 40167 | Orc:2    | Learned a level 4 spell: Airstrike
 40170 | Orc:2    | Learned a level 2 spell: Swiftness
 40475 | Shoals:3 | Noticed Louise
 40481 | Shoals:3 | Killed Louise
 40562 | Shoals:3 | Found Liucwunn's Weapon Shop.
 41047 | Shoals:3 | Found Bygruet's Armour Emporium.
 41111 | Shoals:3 | Found a large runed translucent door.
 41112 | Shoals:3 | Found a large runed translucent door.
 41175 | Shoals:3 | Noticed Bityczex's ghost (adept DEFE)
 41468 | Shoals:4 | Entered Level 4 of the Shoals
 41778 | Shoals:4 | Identified Roxanne's Reference Book on Clay
 41778 | Shoals:4 | Noticed Roxanne
 41808 | Shoals:4 | Killed Roxanne
 42448 | Shoals:4 | Noticed Polyphemus
 42455 | Shoals:4 | Killed Polyphemus
 43096 | Shoals:4 | Identified the Collected Works on Mutagenic Intoxication
 43362 | Shoals:4 | Noticed Donald
 43365 | Shoals:4 | Killed Donald
 43614 | Shoals:4 | Found a runed translucent door.
 43614 | Shoals:4 | Noticed jasper's ghost (adept DsIE)
 43665 | Shoals:4 | Reached skill level 15 in Spellcasting
 43665 | Shoals:4 | Reached skill level 10 in Shields
 43685 | Shoals:4 | Reached XP level 18. HP: 144/174 MP: 6/37
 43809 | Shoals:4 | Got a barnacled rune of Zot
 43914 | Shoals:4 | Reached ****** piety under Vehumet
 44596 | Depths:1 | Entered Level 1 of the Depths
 44662 | Depths:1 | Paralysed by a vampire knight for 5 turns
 45087 | Depths:1 | Found a one-way gate to the infinite horrors of the Abyss.
 46225 | Depths:1 | Found a runed translucent door.
 46225 | Depths:1 | Noticed Pooter's ghost (veteran MiHu)
 46265 | Depths:1 | Found a gateway to Hell.
 46359 | Depths:1 | Hit by a large rock thrown by a stone giant

Illustrated notes

Levels and vault maps discovered:
D:1:      minmay_arrival_shattered_statue, layout_loops_ring, minmay_cut_off
D:2:      layout_rooms, lemuel_coloured_pillars_altar, roderic_lattice_a,
          minmay_diced_spiral
D:3:      layout_loops_corners, riverfiend_overflow_shadow_ancestor
D:4:      layout_basic, bloody_trog, minmay_temple_entry_waves, serial_shops,
          shop, chequers_arboretum
D:5:      layout_gridville, gammafunk_ghost_split, nrook_pool_corridor,
          uniq_sigmund, uniq_grinder, uniq_pikel
D:6:      layout_basic, grunt_temple_overflow_open, grunt_ministairs_8,
          hangedman_decor_slide_cut, uniq_menkaure, uniq_duvessa
D:7:      layout_basic, marbit_many_paths, basic_altar,
          minmay_stone_trees_small, chequers_serial_rivers_micro_b,
          minmay_fire_ice_demons
D:8:      layout_basic
D:9:      layout_rooms, kennysheep_mini_moat, minivault_16
D:10:     layout_rooms, basic_altar, minivault_12
D:11:     layout_stronghold, david_lair_shrubbed, gammafunk_ghost_split,
          st_stairs_3, grunt_ministairs_12
D:12:     layout_cave_pods, erik_orc_2
D:13:     layout_rooms, lightli_vaults_fourway_checkpoint
D:14:     layout_rooms
D:15:     grunt_enter_depths_giant_problem, layout_basic,
          minmay_misc_feat_cross, uniq_agnes
Temple:   dshaligram_water_room_temple
Lair:1:   layout_loops_ring
Lair:2:   layout_chaotic_city, gammafunk_ghost_ooze, nzn_random_ring
Lair:3:   gammafunk_boulding_lane, layout_long_grid,
          minmay_snake_entry_six_corridors, minmay_holes, uniq_nergalle,
          uniq_gastronok
Lair:4:   layout_loops_ring, shoals_dummy_entry, st_stairs_7,
          infiniplex_staircase_pool
Lair:5:   layout_gridlike, uniq_josephine, uniq_snorg
Lair:6:   hangedman_lair_in_review, layout_gridlike, slime_altar_1
Shoals:1: gammafunk_its_a_trap, layout_shoals, nicolae_shoals_aquamancer_cove
Shoals:2: layout_shoals, uniq_ilsuiw
Shoals:3: layout_shoals, serial_shops, shop_fountains,
          ebering_ghost_disaster_area, nicolae_shoals_c_island, uniq_louise
Shoals:4: shoals_end_simple, layout_shoals, gammafunk_ghost_grave, uniq_roxanne,
          uniq_donald, uniq_polyphemus
Orc:1:    layout_diamond_mine
Orc:2:    grunt_orc_cross, layout_diamond_mine
Depths:1: layout_big_octagon, abyss_entry, hangedman_abyss_or_decor_stabs,
          gammafunk_ghost_grave, lightli_too_deep, minmay_misc_feat_ornament,
          kennysheep_four_rooms, minmay_shop_star, serial_bayou_shore_b

Skill      XL: |  1  2  3  4  5  6  7  8  9 10 11 12 13 14 15 16 17 18 |
---------------+-------------------------------------------------------+-----
Fighting       | 3 4 5 6 8 10 | 10.0
Throwing       | 5 6 7 8 |  8.0
Shields        | 3 6 7 9 10 12 | 12.2
Evocations     | 3 |  3.0
Maces & Flails | 2 6 9 |  9.4
Spellcasting   | 7 10 15 | 15.0
Ice Magic      | 6 8 9 10 13 15 | 15.0
Dodging        | 3 6 |  6.0
Conjurations   | 2 6 |  6.0
Air Magic      | 2 9 10 | 10.0
Necromancy     | 4 6 |  6.0
Staves         | |  0.2
Stealth        | |  0.6

Action                   |  1- 3 |  4- 6 |  7- 9 | 10-12 | 13-15 | 16-18 || total
-------------------------+-------+-------+-------+-------+-------+-------++-------
Melee: Short sword       |    49 |   172 |   139 |       |       |       ||   360
       Whip              |       |       |   303 |   867 |   810 |       ||  1980
       Flail             |       |       |    12 |       |       |       ||    12
       Eveningstar       |       |       |       |       |    63 |   187 ||   250
Throw: Stone             |    86 |    88 |    90 |     1 |       |       ||   265
       Large rock        |     3 |     4 |     7 |    12 |     3 |    19 ||    48
       Dart              |       |    20 |    61 |   243 |   159 |       ||   483
       Throwing net      |       |       |     1 |     2 |       |       ||     3
       Javelin           |       |       |       |     7 |    12 |       ||    19
       Boomerang         |       |       |       |       |       |    13 ||    13
 Cast: Frozen Ramparts   |       |       |       |    54 |    86 |     1 ||   141
       Ozocubu's Armour  |       |       |       |     2 |    35 |     4 ||    41
       Ozocubu's Refrige |       |       |       |       |   127 |   265 ||   392
       Freezing Cloud    |       |       |       |       |    17 |    12 ||    29
       Airstrike         |       |       |       |       |       |    32 ||    32
Evoke: Wand              |       |       |       |     8 |    12 |    10 ||    30
       Phantom mirror    |       |       |       |       |       |     2 ||     2
  Use: Scroll            |       |     9 |     2 |     8 |    11 |    14 ||    44
       Potion            |       |       |       |     1 |       |       ||     1
 Stab: Held in net/web   |       |       |     1 |       |       |       ||     1
       Sleeping          |       |       |     1 |       |       |       ||     1
Armor: Robe              |    15 |    75 |   163 |   125 |       |       ||   378
       Steam dragon scal |       |       |       |    96 |   238 |    56 ||   390
Dodge: Dodged            |    21 |   116 |   160 |   181 |   261 |    74 ||   813
Block: Kite shield       |       |       |   247 |   289 |   375 |    75 ||   986
       Reflection        |       |       |       |       |     9 |    61 ||    70
       Tower shield      |       |       |       |       |       |   187 ||   187

Table legend: (Time is in decaauts)
 A = Elapsed time spent in this place.
 B = Non-inter-level travel time spent in this place.
 C = Inter-level travel time spent in this place.
 D = Time resting spent in this place.
 E = Time spent auto-exploring this place.
 F = Levels seen in this place.
 G = Mean time per level.
                   A        B        C        D        E       F      G
               +--------+--------+--------+--------+--------+-----+--------+
         Total |  46013 |  42207 |   3806 |   3116 |  32590 |  29 | 1586.7 |
       Dungeon |  21824 |  19867 |   1957 |   1433 |  15021 |  15 | 1454.9 |
        Temple |    217 |    164 |     53 |      0 |    163 |   1 |  217.0 |
          Lair |  12492 |  11174 |   1318 |    353 |   8961 |   6 | 2082.0 |
        Shoals |   7868 |   7599 |    269 |    691 |   6172 |   4 | 1967.0 |
  Orcish Mines |   2167 |   1960 |    207 |      2 |   1653 |   2 | 1083.5 |
        Depths |   1443 |   1443 |      0 |    637 |    619 |   1 | 1443.0 |
               +--------+--------+--------+--------+--------+-----+--------+

Top non-repeatable levels by time:
  Lair:6: 2654 daAuts
  Lair:2: 2352 daAuts
    D:11: 2249 daAuts
  Lair:3: 2214 daAuts
Shoals:4: 2152 daAuts
     D:9: 2089 daAuts
Shoals:1: 2036 daAuts
Shoals:2: 1918 daAuts
  Lair:1: 1890 daAuts
    D:12: 1856 daAuts
Shoals:3: 1760 daAuts
    D:15: 1744 daAuts
  Lair:4: 1740 daAuts
  Lair:5: 1639 daAuts
     D:6: 1635 daAuts
